 Dungeon Crawl Stone Soup version 0.32-a0-630-g46d191b0ed (webtiles) character file.

Game seed: 11637238196324823836

3118 Dittersdorf the Blocker (level 9, -7/59 HPs)
             Began as a Gargoyle Fighter on Mar 6, 2024.
             Was an Initiate of Gozag.
             Mangled by a two-headed ogre
             ... wielding a +0 giant club
              (13 damage)
             ... on level 8 of the Dungeon.
             The game lasted 00:08:58 (6967 turns).

Dittersdorf the Blocker (Gargoyle Fighter)          Turns: 6967, Time: 00:08:58

Health: -7/59      AC: 29    Str: 28    XL:     9   Next: 91%
Magic:  9/9        EV:  9    Int: 12    God:    Gozag
Gold:   973        SH: 10    Dex:  9    Spells: 8/8 levels left

rFire   . . .        a - +1 flail
rCold   + + .        x - +1 kite shield {rC+}
rNeg    + . .        r - +9 scale mail of the Orb {Int+3 SInv}
rPois   ∞            y - +0 helmet
rElec   +            n - +0 cloak
rCorr   .            j - +2 pair of gloves
SInv    +            (no boots)
Will    .....        w - amulet of the acrobat Stlth
                     g - ring of protection from cold
HPRegen 0.29/turn    f - ring "Momust" {Fly Str+4}
MPRegen 0.11/turn

%: acrobat
@: flying
A: sickness immunity, AC +6, negative energy resistance 1, electricity
resistance, torment resistance 1, petrification resistance
a: Renounce Religion, Potion Petition, Call Merchant, Bribe Branch


You were on level 8 of the Dungeon.
You worshipped Gozag.
Gozag was pleased with you.
You visited 2 branches of the dungeon, and saw 9 of its levels.

You collected 1029 gold pieces.
You paid 56 gold pieces to Gozag.

Inventory:

Hand Weapons
 a - a +1 flail (weapon)
Missiles
 b - 2 throwing nets (quivered)
Armour
 j - a +2 pair of gloves (worn)
 n - a +0 cloak (worn)
 r - the +9 scale mail of the Orb (worn) {Int+3 SInv}
   (You found it on level 3 of the Dungeon)

   Int+3:     It affects your intelligence (+3).
   SInv:      It lets you see invisible.
 x - a +1 kite shield of cold resistance (worn)
 y - a +0 helmet (worn)
Jewellery
 f - the ring "Momust" (right hand) {Fly Str+4}
   (You acquired it on level 5 of the Dungeon)

   [ring of flight]

   Str+4:     It affects your strength (+4).
   Fly:       It grants you flight.
 g - a ring of protection from cold (left hand)
 w - an amulet of the acrobat (around neck)
Scrolls
 e - 2 scrolls of teleportation
 l - 2 scrolls of enchant armour
 m - a scroll of brand weapon
 p - 4 scrolls of enchant weapon
Potions
 c - 2 potions of cancellation {unknown}
 d - 2 potions of might
 h - a potion of brilliance
 i - 4 potions of heal wounds
 k - a potion of mutation {unknown}
 q - a potion of degeneration {unknown}
 s - 4 potions of curing {unknown}
 t - 2 potions of resistance
 u - a potion of magic {unknown}
 v - a potion of haste {unknown}


   Skills:
 + Level 8.1 Fighting
 + Level 7.1 Maces & Flails
 + Level 8.1 Armour
 + Level 8.1 Shields


You had 8 spell levels left.
You didn't know any spells.
Your spell library contained the following spells:

 Spells                   Type           Power      Damage    Failure   Level
 Mercury Vapours          Alch/Air       0%         N/A       86%         2
 Mephitic Cloud           Conj/Alch/Air  0%         N/A       97%         3
 Freezing Cloud           Conj/Ice/Air   0%         6-21      100%        5


Dungeon Overview and Level Annotations

Branches:
Dungeon (8/15)             Temple (1/1) D:4
   Lair: D:8-11

Altars:
Ashenzari
Cheibriados
Dithmenos
Elyvilon
Fedhas
Gozag
Kikubaaqudgha
Makhleb
Nemelex Xobeh
Okawaru
Qazlal
Ru
Sif Muna
Trog
Uskayaw
Vehumet
Wu Jian
Xom
Yredelemnul
Zin
The Shining One

Shops:
D:4 (   D:5 ?   D:7 *:


Innate Abilities, Weirdness & Mutations

You are immune to sickness and miasma.
Your stone body is resilient. (AC +6)
You are immune to poison.
You resist negative energy. (rN+)
You are resistant to electric shocks. (rElec)
You are resistant to unholy torment.
You are immune to petrification.


Message History

Found a stone staircase leading up.
The two-headed ogre shouts in stereo!
You block the two-headed ogre's attack.
The two-headed ogre completely misses you.
You thump the two-headed ogre!
The two-headed ogre is lightly wounded.
You block the two-headed ogre's attack. x2
You closely miss the two-headed ogre.
The two-headed ogre is lightly wounded.
You hit the two-headed ogre.
The two-headed ogre is moderately wounded.
The two-headed ogre hits you with a +0 giant club!
You block the two-headed ogre's attack.
You sock the two-headed ogre!
The two-headed ogre is moderately wounded.
You block the two-headed ogre's attack.
The two-headed ogre hits you with a +0 giant club!
You sock the two-headed ogre!
The two-headed ogre is severely wounded.
You block the two-headed ogre's attack. x2
You sock the two-headed ogre!
The two-headed ogre is severely wounded.
You completely miss the two-headed ogre.
The two-headed ogre is severely wounded.
The two-headed ogre hits you with a +0 giant club!!
* * * LOW HITPOINT WARNING * * *
The two-headed ogre barely misses you.
You sock the two-headed ogre!
The two-headed ogre is almost dead.
The two-headed ogre closely misses you. You block the two-headed ogre's attack.
You closely miss the two-headed ogre.
The two-headed ogre is almost dead.
The two-headed ogre hits you with a +0 giant club!
* * * LOW HITPOINT WARNING * * *
The two-headed ogre barely misses you.
You closely miss the two-headed ogre.
The two-headed ogre is almost dead.
The two-headed ogre hits you with a +0 giant club!
You die...
Your body crumbles into a pile of gold.

#.## .... #..#
#..# #########
### #..#
#.......# ...
#..# #.#####.###
## #.O# #)# #....
..###.@######)##
#.###
#...............#
#.#
#..###..######..#
#.# # .....# #..#
#.# #.####<. ...#
#.### #.# ##.#
#.... #.. .#
##.## ### .# #.#
.# #.#


You could see a two-headed ogre.

Vanquished Creatures
  A hornet (D:7)
  Sigmund (D:5)
  A shadow (D:6)
  Eustachio (D:5)
  Menkaure (D:5)
  2 water moccasins
  A sky beast (D:6)
  2 ice beasts
  2 centaurs (D:6)
  A phantom (D:6)
  Blork the orc (D:4)
  3 scorpions
  A bullfrog (D:6)
  A gnoll sergeant (D:8)
  4 jellies
  A howler monkey (D:6)
  5 hounds
  6 bombardier beetles
  Crazy Yiuf (D:4)
  2 orc priests
  2 sleepcaps
  A gnoll bouda (D:5)
  Ijyb (D:4)
  3 iguanas
  8 orc wizards
  7 gnolls
  6 adders
  A shadow imp (D:5)
  A white imp (D:7)
  A ribbon worm (D:2)
  2 dart slugs (D:3)
  23 orcs
  5 ball pythons
  8 endoplasms
  3 giant cockroaches
  9 goblins
  10 hobgoblins
  5 jackals
  5 quokkas
  3 bats
  3 frilled lizards
  8 kobolds
  6 rats
159 creatures vanquished.

Notes
Turn   | Place    | Note
-------+----------+-------------------------------------------
     0 | D:1      | Dittersdorf the Gargoyle Fighter began the quest for the
                  | Orb.
     0 | D:1      | Reached XP level 1. HP: 14/14 MP: 1/1
   183 | D:1      | Reached XP level 2. HP: 19/19 MP: 2/2
   383 | D:1      | Found a faded altar of an unknown god.
   993 | D:2      | Reached XP level 3. HP: 22/23 MP: 3/3
  2006 | D:3      | Reached XP level 4. HP: 28/29 MP: 4/4
  2283 | D:3      | Identified the +9 scale mail of the Orb {Int+3 SInv}
  2302 | D:3      | Found a bloodstained altar of Trog.
  2505 | D:4      | Noticed Blork the orc
  2511 | D:4      | Reached XP level 5. HP: 30/33 MP: 5/5
  2552 | D:4      | Killed Blork the orc
  2553 | D:4      | Reached XP level 6. HP: 34/39 MP: 6/6
  2594 | D:4      | Found Foxatzih's Antique Weapon Shop.
  2656 | D:4      | Found a staircase to the Ecumenical Temple.
  2686 | Temple   | Entered the Ecumenical Temple
  2690 | Temple   | Became a worshipper of Gozag Ym Sagoz the Greedy
  2729 | D:4      | Found a glowing silver altar of Zin.
  2902 | D:4      | Found a blossoming altar of Fedhas.
  2905 | D:4      | Noticed Ijyb
  2925 | D:4      | Killed Ijyb
  2926 | D:4      | Reached skill level 5 in Armour
  2926 | D:4      | Reached skill level 5 in Shields
  3008 | D:4      | Found a runed translucent door.
  3009 | D:4      | Noticed Crazy Yiuf
  3388 | D:4      | Killed Crazy Yiuf
  3389 | D:4      | Reached skill level 5 in Fighting
  3389 | D:4      | Reached XP level 7. HP: 44/44 MP: 7/7
  3499 | D:5      | Entered Level 5 of the Dungeon
  3499 | D:5      | Found Umior's Magic Scroll Shop.
  3508 | D:5      | Noticed Eustachio
  3547 | D:5      | Killed Eustachio
  3624 | D:5      | Identified a scroll of acquirement
  3624 | D:5      | Acquired the ring "Momust" {Fly Str+4}
  4106 | D:5      | Noticed Menkaure
  4112 | D:5      | Killed Menkaure
  4113 | D:5      | Reached XP level 8. HP: 32/51 MP: 8/8
  4278 | D:5      | Reached skill level 5 in Maces & Flails
  4463 | D:5      | Found a sacrificial altar of Ru.
  4470 | D:5      | Found a glowing golden altar of the Shining One.
  4650 | D:5      | Noticed Sigmund
  4676 | D:5      | Killed Sigmund
  4923 | D:6      | Reached XP level 9. HP: 56/56 MP: 9/9
  5483 | D:6      | Found an ornate altar of the Wu Jian Council.
  6282 | D:7      | Found Soraquwn's Serpentskin Sales.
  6449 | D:7      | Found Doukloun's Book Shop.
  6637 | D:7      | Noticed a hornet
  6643 | D:7      | Killed a hornet
  6729 | D:7      | Found a burning altar of Makhleb.
  6729 | D:7      | Noticed a blizzard demon
  6732 | D:7      | Noticed an orange demon
  6956 | D:8      | Noticed a two-headed ogre
  6967 | D:8      | Mangled by a two-headed ogre

Illustrated notes

Levels and vault maps discovered:
D:1:      dpeg_arrival_lava_altar, layout_basic, nicolae_ecumenical_lake_church
D:2:      layout_basic, corexii_leaking_fountain, minmay_split_cup_small
D:3:      layout_rooms, trog_hazing_becter, minmay_misc_feat_chi
D:4:      layout_rooms, zin_statuary, fedhas_altar_decomposition,
          minmay_temple_entry_wispy, serial_shops, shop_fountains,
          uniq_crazy_yiuf_cottage, uniq_blork_the_orc, uniq_ijyb
D:5:      layout_gridville, mainiacjoe_overflow_catwalk_spiral, serial_shops,
          shop, uniq_menkaure, uniq_sigmund, uniq_eustachio
D:6:      minmay_angry_zag, layout_basic, lemuel_round_altar, minmay_microvault
D:7:      layout_gridville, makhleb_altar_promises_db, serial_shops,
          nicolae_square_shop, guppyfry_shop_venom
D:8:      kennysheep_steamy, layout_basic, mainiacjoe_overflow_brackets,
          enter_bailey_2
Temple:   zaba_magenta_temple

Skill      XL: |  1  2  3  4  5  6  7  8  9 |
---------------+----------------------------+-----
Shields        | 4 5 6 8 |  8.1
Fighting       | 4 5 6 8 |  8.1
Armour         | 4 5 6 8 |  8.1
Maces & Flails | 3 4 5 7 |  7.1

Action                     |  1- 3 |  4- 6 |  7- 9 || total
---------------------------+-------+-------+-------++-------
  Melee: Flail             |   136 |   164 |   435 ||   735
         Unarmed           |       |    10 |       ||    10
    Use: Scroll            |       |     8 |     4 ||    12
 Armour: Scale mail        |   104 |    81 |   288 ||   473
         Chain mail        |       |    14 |       ||    14
         Skin              |       |     2 |       ||     2
  Dodge: Dodged            |    84 |    78 |   188 ||   350
  Block: Buckler           |    40 |       |       ||    40
         Kite shield       |    17 |    61 |   245 ||   323

Table legend: (Time is in decaauts)
 A = Elapsed time spent in this place.
 B = Non-inter-level travel time spent in this place.
 C = Inter-level travel time spent in this place.
 D = Time resting spent in this place.
 E = Time spent auto-exploring this place.
 F = Levels seen in this place.
 G = Mean time per level.
                   A        B        C        D        E       F      G
               +--------+--------+--------+--------+--------+-----+--------+
         Total |   7164 |   6778 |    386 |    663 |   4250 |   9 |  796.0 |
       Dungeon |   7156 |   6776 |    380 |    663 |   4250 |   8 |  894.5 |
        Temple |      8 |      2 |      6 |      0 |      0 |   1 |    8.0 |
               +--------+--------+--------+--------+--------+-----+--------+

Top non-repeatable levels by time:
     D:5: 1413 daAuts
     D:6: 1206 daAuts
     D:4: 1070 daAuts
     D:2: 1017 daAuts
     D:1: 947 daAuts
     D:7: 697 daAuts
     D:3: 569 daAuts
     D:8: 233 daAuts
  Temple: 8 daAuts
